 Dungeon Crawl Stone Soup version 0.29.0-4-gdea44cf6ec (webtiles) character file.

Game seed: 12011966044413614371

47838 qw the Severer (level 14, -13/207 HPs)
             Began as a Minotaur Berserker on Sept 9, 2022.
             Was an Elder of Trog.
             Killed from afar by a fire dragon (46 damage)
             ... with a blast of flame
             ... on level 5 of the Lair of Beasts.
             The game lasted 00:06:22 (20034 turns).

qw the Severer (Minotaur Berserker)                Turns: 20034, Time: 00:06:22

Health: -13/207    AC: 22    Str: 38    XL:     14   Next: 10%
Magic:  13/13      EV: 11    Int:  4    God:    Trog [****..]
Gold:   1181       SH:  0    Dex: 11    Spells: 13/13 levels left

rFire   . . .      SeeInvis .   b - +6 broad axe (vamp)
rCold   + . .      Faith    .   (no shield)
rNeg    . . .      Spirit   .   g - +0 plate armour
rPois   .          Reflect  .   (helmet restricted)
rElec   .          Harm     .   q - +2 cloak of Xuakhuus {Str+2}
rCorr   .          Rampage  .   j - +1 pair of gloves
Will    +....                   (no boots)
Stlth   ..........              o - amulet of the acrobat
HPRegen 0.44/turn               p - ring "Lotuoss" {rC+ Str+4}
MPRegen 0.13/turn               n - +6 ring of strength

@: berserking, lethally poisoned (-13 -> -32), very quick
A: horns 2, retaliatory headbutt
a: Renounce Religion, Berserk, Trog's Hand, Brothers in Arms


You were on level 5 of the Lair of Beasts.
You worshipped Trog.
Trog was greatly pleased with you.
You visited 2 branches of the dungeon, and saw 16 of its levels.

You collected 1408 gold pieces.
You spent 227 gold pieces at shops.


Innate Abilities, Weirdness & Mutations

You have a pair of horns on your head.
You reflexively headbutt those who attack you in melee.


   Skills:
 - Level 16.8 Fighting
 - Level 18.0 Axes
 + Level 3.5 Throwing
 - Level 14.1 Armour
 - Level 8.0 Dodging


You had 13 spell levels left.
You didn't know any spells.
Your spell library was empty.

Inventory:

Hand Weapons
 b - a +6 vampiric broad axe (weapon)
 l - a +0 hand axe of flaming
Missiles
 m - 4 boomerangs (quivered)
 r - a javelin
Armour
 g - a +0 plate armour (worn)
 j - a +1 pair of gloves (worn)
 q - the +2 cloak of Xuakhuus (worn) {Str+2}
   (You found it on level 11 of the Dungeon)

   Str:       It affects your strength (+2).
Jewellery
 i - a +4 ring of protection
 n - a +6 ring of strength (right hand)
 o - an amulet of the acrobat (around neck)
 p - the ring "Lotuoss" (left hand) {rC+ Str+4}
   (You found it on level 9 of the Dungeon)

   [ring of protection from cold]

   Str:       It affects your strength (+4).
   rC:        It protects you from cold.
Scrolls
 c - 4 scrolls of teleportation
 k - 12 scrolls of identify
Potions
 a - 2 potions of curing
 d - a potion of heal wounds
 e - 2 potions of haste
 f - 2 potions of might

Dungeon Overview and Level Annotations

Branches:
Dungeon (11/15)            Temple (0/1) D:6            Lair (5/5) D:11
 Shoals (0/4) Lair:3        Snake (0/4) Lair:2        Slime (0/5) Lair:4
    Orc (0/2) D:10

Altars:
Ashenzari
Cheibriados
Dithmenos
Elyvilon
Hepliaklqana
Makhleb
Qazlal
Sif Muna
Trog
Vehumet
Wu Jian
Xom
Zin

Shops:
D:7 *

Portals:
Trove: D:11 (lose all piety)

Annotations:
D:5 1 runed translucent door, qw's ghost, amateur GrFi


Message History

You finish putting on your amulet of the acrobat.
You feel ready to tumble and roll out of harm's way.
o - an amulet of the acrobat (around neck)
20030 ||| Stepping ~*~*~tactically~*~*~ (cloud).
You swap places.
Found four items.
You feel extremely sick.
Your ogre looks as sick as possible!
Your ogre hits the swamp dragon with a +0 giant club!!
The swamp dragon bites you but does no damage.
The swamp dragon completely misses you. x2
The fire dragon completely misses you. x3
20031 ||| INVOKING Berserk.
A red film seems to cover your vision as you go berserk!
You feel yourself moving faster!
You feel mighty!
You feel extremely sick.
Your ogre hits the swamp dragon with a +0 giant club!!
The swamp dragon dies!
Trog accepts your kill. The fire dragon bites you. The fire dragon claws you.
The fire dragon tramples you but does no damage.
You cut the fire dragon into ribbons!!!
The fire dragon is heavily wounded.
You hit the plant.
The plant begins to die.
You feel very sick.
Your ogre hits the fire dragon with a +0 giant club!
The fire dragon bites you but does no damage.
The fire dragon claws you but does no damage.
The fire dragon tramples you but does no damage.
You closely miss the fire dragon. Your headbutt misses the fire dragon.
The fire dragon is heavily wounded.
You slash the plant!
You feel very sick.
You slice the fire dragon!!
The fire dragon is severely wounded.
You slash the plant!
You feel very sick.
Your ogre barely misses the fire dragon.
The fire dragon breathes flames at you. The blast of flame hits you!!!
You die...

# 7....~~77 #
77.7.~~7
.?..~~~.
77..~~77
[..~~.777
7..~%~77
!$.~~~~.7
77...~~77
.~~~~..
77..P~~77~~~~.7
777./~.77~~..7
77..~~D~P~7
7.~~~O@.77
777~0..77


777777 You could see a fire dragon (catching breath, ally target) and a friendly
ogre (summoned, berserk, extremely poisoned).

Vanquished Creatures
  2 boulder beetles
  A vault guard (D:11)
  Harold (Lair:1)
  3 hydras
  A two-headed ogre (D:10)
  12 death yaks (Lair:5)
  A lindwurm (Lair:5)
  A cyclops (D:11)
  5 black mambas
  8 cane toads
  A torpor snail (Lair:5)
  Maggie (D:8)
  An unseen horror (D:11)
  9 rime drakes
  7 komodo dragons
  2 trolls
  A queen bee (Lair:2)
  2 hornets
  11 polar bears
  2 dream sheep (Lair:1)
  14 blink frogs
  4 shadows
  A vampire (D:9)
  2 wraiths
  22 yaks
  4 wyverns
  2 basilisks
  A steam dragon (D:7)
  3 vampire mosquitoes (D:11)
  An acid dragon (D:10)
  5 wargs (Lair:5)
  4 nagas (Lair:2)
  23 water moccasins
  10 hell hounds (Lair:5)
  2 swamp drakes (Lair:5)
  3 orc warriors
  An ice beast (D:7)
  9 black bears (Lair:5)
  A sky beast (D:8)
  3 ogres
  21 wolves (Lair:5)
  3 centaurs
  2 phantoms
  3 kobold brigands
  12 bullfrogs
  2 scorpions (D:5)
  6 wights
  A troll zombie (D:10)
  28 killer bees
  3 howler monkeys
  2 jellies
  Ijyb (D:3)
  A gnoll bouda (D:5)
  4 orc priests
  3 hounds
  10 orc wizards
  6 iguanas
  4 ogre zombies (D:10)
  13 gnolls
  15 adders
  2 white imps
  An ufetubus (D:5)
  2 worms
  11 dart slugs
  43 orcs
  5 bats
  2 endoplasms (D:1)
  3 giant cockroaches
  10 goblins
  8 hobgoblins
  2 jackals (D:2)
  13 kobolds
  2 quokkas
  9 ball pythons
  4 frilled lizards
  2 goblin skeletons (D:10)
  2 goblin zombies (D:10)
  3 hobgoblin zombies (D:10)
  5 orc skeletons (D:10)
  5 orc zombies (D:10)
  7 rats
468 creatures vanquished.

Vanquished Creatures (collateral kills)
  A swamp dragon (Lair:5)
  A komodo dragon (Lair:5)
  A polar bear (Lair:5)
  A blink frog (Lair:4)
  3 yaks (Lair:5)
  A warg (Lair:5)
  2 hell hounds (Lair:5)
  3 water moccasins
  2 black bears (Lair:5)
  A wolf (Lair:5)
16 creatures vanquished.

Vanquished Creatures (others)
  A wizard (D:3)
  An orc (D:6)
  35 fungi
  73 plants
110 creatures vanquished.

Grand Total: 594 creatures vanquished

Notes
Turn   | Place    | Note
-------+----------+-------------------------------------------
     0 | D:1      | qw the Minotaur Berserker began the quest for the Orb.
     0 | D:1      | Reached XP level 1. HP: 19/19 MP: 0/0
     0 | D:1      | 0 ||| qw: Version: 0.1-a-113-g051387a
     0 | D:1      | 0 ||| qw: Game counter: 7150
     0 | D:1      | 0 ||| qw: Always use a shield: true
     0 | D:1      | 0 ||| qw: Do Orc after D:15 true
     0 | D:1      | 0 ||| qw: Do second Lair branch before Depths: true
     0 | D:1      | 0 ||| qw: Lair rune preference: random
     0 | D:1      | 0 ||| qw: Plans: Normal
     0 | D:1      | 0 ||| PLANNING D:1-11
   223 | D:1      | Reached skill level 4 in Axes
   342 | D:1      | Reached XP level 2. HP: 26/26 MP: 1/1
   531 | D:1      | Found a faded altar of an unknown god.
   864 | D:1      | 864 ||| Stepping ~*~*~tactically~*~*~ (hiding).
   965 | D:1      | 965 ||| INVOKING Berserk.
  1389 | D:1      | 1389 ||| UPGRADING to +0 scale mail.
  1399 | D:1      | 1399 ||| DROPPING +0 animal skin.
  1400 | D:1      | 1400 ||| READING scroll labelled CITHUNK BEEGA.
  1515 | D:2      | Reached skill level 5 in Axes
  1621 | D:2      | 1621 ||| Stepping ~*~*~tactically~*~*~ (stealth).
  1625 | D:2      | Reached XP level 3. HP: 31/31 MP: 2/2
  1647 | D:2      | 1647 ||| DROPPING +0 club.
  1920 | D:2      | 1920 ||| Stepping ~*~*~tactically~*~*~ (stealth).
  1921 | D:2      | 1921 ||| Stepping ~*~*~tactically~*~*~ (stealth).
  1940 | D:2      | 1940 ||| READING scroll labelled JOGUIDYFOT.
  1941 | D:2      | 1941 ||| DROPPING +0 whip.
  1942 | D:2      | 1942 ||| READING scroll labelled PISENIO DAFE.
  1943 | D:2      | 1943 ||| READING scroll labelled SUSYNY DUECK.
  1944 | D:2      | 1944 ||| READING 2 scrolls labelled JIOWKAF DAPNU.
  1945 | D:2      | 1945 ||| READING scroll labelled DOASTRUET QAOST.
  1946 | D:2      | 1946 ||| READING scroll labelled LUAX DESAMMID.
  1947 | D:2      | 1947 ||| DROPPING scroll of summoning.
  1968 | D:3      | 1968 ||| INVOKING Berserk.
  1973 | D:3      | Reached ** piety under Trog
  1974 | D:3      | Reached skill level 6 in Axes
  1974 | D:3      | Reached XP level 4. HP: 39/39 MP: 3/3
  2095 | D:3      | 2095 ||| Stepping ~*~*~tactically~*~*~ (stealth).
  2156 | D:3      | Identified the +2 robe of Lekiann {rPois Regen+ Dex+2}
  2179 | D:3      | Noticed Ijyb
  2180 | D:3      | 2180 ||| Stepping ~*~*~tactically~*~*~ (hiding).
  2183 | D:3      | 2183 ||| INVOKING Berserk.
  2185 | D:3      | Killed Ijyb
  2186 | D:3      | Reached skill level 7 in Axes
  2186 | D:3      | Reached XP level 5. HP: 45/45 MP: 4/4
  2543 | D:3      | 2543 ||| Stepping ~*~*~tactically~*~*~ (stealth).
  2546 | D:3      | Noticed a phantom
  2547 | D:3      | 2547 ||| Stepping ~*~*~tactically~*~*~ (stealth).
  2560 | D:3      | Killed a phantom
  2745 | D:3      | Found a bloodstained altar of Trog.
  2748 | D:3      | Noticed a wizard
  2754 | D:3      | Killed a wizard
  2790 | D:3      | Noticed an angel
  2791 | D:3      | Found a glowing silver altar of Zin.
  2792 | D:3      | Found a shimmering altar of Xom.
  2793 | D:3      | 2793 ||| UPGRADING to +2 robe of Lekiann {rPois Regen+
                  | Dex+2}.
  2805 | D:3      | 2805 ||| UPGRADING to +2 robe of Lekiann {rPois Regen+
                  | Dex+2}.
  2810 | D:3      | 2810 ||| UPGRADING to +0 pair of gloves.
  3247 | D:3      | 3247 ||| READING scroll labelled BIGANA ALUTT.
  3252 | D:3      | 3252 ||| READING scroll labelled BYADIR UNIEGU.
  3353 | D:3      | 3353 ||| READING scroll labelled UVYNTY RUIMYDGH.
  3354 | D:3      | 3354 ||| READING 2 scrolls of identify.
  3354 | D:3      | 3354 ||| IDENTIFYING glowing clear potion
  3419 | D:4      | 3419 ||| Stepping ~*~*~tactically~*~*~ (stealth).
  3432 | D:4      | 3432 ||| Stepping ~*~*~tactically~*~*~ (stealth).
  3530 | D:4      | 3530 ||| Stepping ~*~*~tactically~*~*~ (stealth).
  3533 | D:4      | 3533 ||| Stepping ~*~*~tactically~*~*~ (stealth).
  3543 | D:4      | Reached skill level 8 in Axes
  3543 | D:4      | Reached XP level 6. HP: 47/52 MP: 5/5
  3644 | D:4      | 3644 ||| FLEEEEING.
  3645 | D:4      | 3645 ||| FLEEEEING.
  3646 | D:4      | 3646 ||| FLEEEEING.
  3647 | D:4      | 3647 ||| FLEEEEING.
  3648 | D:4      | 3648 ||| FLEEEEING.
  3649 | D:4      | 3649 ||| FLEEEEING.
  3650 | D:4      | 3650 ||| FLEEEEING.
  3651 | D:4      | 3651 ||| FLEEEEING.
  3652 | D:4      | 3652 ||| FLEEEEING.
  3654 | D:4      | 3654 ||| FLEEEEING.
  3655 | D:4      | 3655 ||| FLEEEEING.
  3857 | D:4      | 3857 ||| Stepping ~*~*~tactically~*~*~ (hiding).
  3858 | D:4      | 3858 ||| INVOKING Berserk.
  4061 | D:4      | Reached skill level 9 in Axes
  4070 | D:4      | 4070 ||| DRINKING potion of curing.
  4070 | D:4      | 4070 ||| (to cure confusion)
  4072 | D:4      | 4072 ||| INVOKING Berserk.
  4282 | D:4      | 4282 ||| DROPPING +0 scale mail.
  4283 | D:4      | 4283 ||| UPGRADING to +0 plate armour.
  4293 | D:4      | 4293 ||| DROPPING +2 robe of Lekiann {rPois Regen+ Dex+2}.
  4294 | D:4      | 4294 ||| READING scroll labelled ILIREY PUCS.
  4295 | D:4      | 4295 ||| READING 2 scrolls of identify.
  4295 | D:4      | 4295 ||| IDENTIFYING bubbling grey potion
  4296 | D:4      | 4296 ||| DROPPING potion of ambrosia.
  4297 | D:4      | 4297 ||| Stepping randomly (stuck).
  4298 | D:4      | 4298 ||| Stepping ~*~*~tactically~*~*~ (cloud).
  4407 | D:5      | Entered Level 5 of the Dungeon
  4410 | D:5      | 4410 ||| FLEEEEING.
  4411 | D:5      | 4411 ||| STAIRDANCE
  4467 | D:5      | 4467 ||| FLEEEEING.
  4468 | D:5      | 4468 ||| FLEEEEING.
  4469 | D:5      | 4469 ||| STAIRDANCE
  4539 | D:5      | 4539 ||| FLEEEEING.
  4540 | D:5      | 4540 ||| STAIRDANCE
  4593 | D:5      | Reached *** piety under Trog
  4649 | D:5      | Reached skill level 3 in Armour
  4649 | D:5      | Reached XP level 7. HP: 43/60 MP: 6/6
  4736 | D:5      | 4736 ||| Stepping ~*~*~tactically~*~*~ (stealth).
  4737 | D:5      | 4737 ||| Stepping ~*~*~tactically~*~*~ (stealth).
  4885 | D:5      | Noticed qw's ghost (amateur GrFi)
  4891 | D:5      | Found a runed translucent door.
  4893 | D:5      | 4893 ||| Stepping ~*~*~tactically~*~*~ (stealth).
  4895 | D:5      | 4895 ||| Stepping ~*~*~tactically~*~*~ (hiding).
  4896 | D:5      | 4896 ||| Stepping ~*~*~tactically~*~*~ (hiding).
  4941 | D:5      | 4941 ||| INVOKING Berserk.
  5444 | D:5      | 5444 ||| INVOKING Berserk.
  5447 | D:5      | Reached skill level 10 in Axes
  5449 | D:5      | Reached XP level 8. HP: 69/69 MP: 7/7
  5508 | D:5      | 5508 ||| Stepping ~*~*~tactically~*~*~ (stealth).
  5521 | D:5      | Reached skill level 6 in Fighting
  5522 | D:5      | 5522 ||| Stepping ~*~*~tactically~*~*~ (stealth).
  5530 | D:5      | 5530 ||| Stepping ~*~*~tactically~*~*~ (stealth).
  5781 | D:5      | 5781 ||| READING scroll labelled ICAELL TYTZ.
  5782 | D:5      | 5782 ||| READING 2 scrolls of identify.
  5782 | D:5      | 5782 ||| IDENTIFYING fizzy blue potion
  5783 | D:5      | 5783 ||| DROPPING potion of attraction.
  5821 | D:6      | 5821 ||| INVOKING Berserk.
  5842 | D:6      | Reached skill level 11 in Axes
  5928 | D:6      | Found a staircase to the Ecumenical Temple.
  5929 | D:6      | 5929 ||| Stepping ~*~*~tactically~*~*~ (hiding).
  5934 | D:6      | 5934 ||| INVOKING Berserk.
  6044 | D:6      | 6044 ||| SWAPPING to +0 war axe.
  6436 | D:6      | 6436 ||| INVOKING Berserk.
  6578 | D:6      | Reached skill level 12 in Axes
  6599 | D:6      | 6599 ||| UPGRADING to +6 ring of strength.
  6600 | D:6      | 6600 ||| DRINKING 2 metallic silvery potions.
  6601 | D:6      | 6601 ||| READING 4 scrolls of identify.
  6601 | D:6      | 6601 ||| IDENTIFYING bubbling silvery potion
  6602 | D:6      | 6602 ||| READING 3 scrolls of identify.
  6602 | D:6      | 6602 ||| IDENTIFYING bubbling pink potion
  6603 | D:6      | 6603 ||| READING 2 scrolls of identify.
  6603 | D:6      | 6603 ||| IDENTIFYING pink potion
  6604 | D:6      | 6604 ||| DROPPING potion of brilliance.
  6605 | D:6      | 6605 ||| DROPPING potion of invisibility.
  6635 | D:7      | Found Yhywn's Assorted Antiques.
  6647 | D:7      | 6647 ||| BUYING glowing broad axe (161 gold).
  6647 | D:7      | Bought a glowing broad axe for 161 gold pieces
  6647 | D:7      | 6647 ||| BUYING ruby potion (20 gold).
  6647 | D:7      | Bought a ruby potion for 20 gold pieces
  6647 | D:7      | 6647 ||| BUYING scroll of identify (46 gold).
  6647 | D:7      | Bought a scroll of identify for 46 gold pieces
  6647 | D:7      | 6647 ||| SHOPLISTING scroll of teleportation (69 gold, have
                  | 42).
  6647 | D:7      | 6647 ||| SWAPPING to +1 broad axe of venom.
  6648 | D:7      | 6648 ||| DROPPING +0 war axe.
  6684 | D:7      | Reached **** piety under Trog
  6812 | D:7      | Identified the +6 hand axe "Gourhur" {venom, rElec rPois}
  6910 | D:7      | 6910 ||| Stepping ~*~*~tactically~*~*~ (stealth).
  7011 | D:7      | 7011 ||| Stepping ~*~*~tactically~*~*~ (cloud).
  7015 | D:7      | 7015 ||| INVOKING Berserk.
  7018 | D:7      | Reached XP level 9. HP: 79/79 MP: 8/8
  7197 | D:7      | 7197 ||| Stepping ~*~*~tactically~*~*~ (water).
  7321 | D:7      | Reached skill level 1 in Throwing
  7321 | D:7      | 7321 ||| Stepping ~*~*~tactically~*~*~ (hiding).
  7380 | D:7      | 7380 ||| Stepping ~*~*~tactically~*~*~ (stealth).
  7409 | D:7      | 7409 ||| Stepping ~*~*~tactically~*~*~ (water).
  7451 | D:7      | 7451 ||| READING 2 scrolls labelled WOTIHY HAHUO.
  7452 | D:7      | 7452 ||| READING scroll of enchant weapon.
  7452 | D:7      | 7452 ||| ENCHANTING +2 broad axe of venom.
  7453 | D:7      | 7453 ||| READING 2 scrolls of identify.
  7453 | D:7      | 7453 ||| IDENTIFYING ruby potion
  7604 | D:8      | 7604 ||| READING scroll of brand weapon.
  7604 | D:8      | 7604 ||| BRANDING +3 broad axe of venom.
  7631 | D:8      | 7631 ||| Stepping ~*~*~tactically~*~*~ (stealth).
  7632 | D:8      | 7632 ||| INVOKING Berserk.
  7639 | D:8      | Reached skill level 13 in Axes
  7742 | D:8      | Reached skill level 6 in Armour
  7824 | D:8      | Identified the +2 leather armour of an ice cave {Harm
                  | Str+4}
  7828 | D:8      | Noticed Maggie
  7841 | D:8      | Killed Maggie
  8247 | D:8      | 8247 ||| Stepping ~*~*~tactically~*~*~ (stealth).
  8252 | D:8      | 8252 ||| INVOKING Berserk.
  8494 | D:8      | 8494 ||| UPGRADING to ring of protection from cold.
  8495 | D:8      | 8495 ||| READING scroll labelled QENEUZ INNUS.
  8669 | D:8      | 8669 ||| DRINKING 2 gluggy clear potions.
  8774 | D:8      | 8774 ||| READING 2 scrolls of identify.
  8774 | D:8      | 8774 ||| IDENTIFYING orange potion
  8775 | D:8      | 8775 ||| DROPPING potion of berserk rage.
  8776 | D:8      | 8776 ||| DROPPING potion of flight.
  8822 | D:9      | Reached skill level 14 in Axes
  8919 | D:9      | 8919 ||| Stepping ~*~*~tactically~*~*~ (hiding).
  8925 | D:9      | Reached skill level 3 in Dodging
  9024 | D:9      | 9024 ||| Stepping ~*~*~tactically~*~*~ (stealth).
  9026 | D:9      | 9026 ||| Stepping ~*~*~tactically~*~*~ (stealth).
  9028 | D:9      | 9028 ||| INVOKING Berserk.
  9032 | D:9      | Reached XP level 10. HP: 90/90 MP: 9/9
  9261 | D:9      | 9261 ||| Stepping ~*~*~tactically~*~*~ (stealth).
  9263 | D:9      | 9263 ||| Stepping ~*~*~tactically~*~*~ (stealth).
  9264 | D:9      | 9264 ||| Stepping ~*~*~tactically~*~*~ (stealth).
  9265 | D:9      | 9265 ||| Stepping ~*~*~tactically~*~*~ (stealth).
  9266 | D:9      | 9266 ||| Stepping ~*~*~tactically~*~*~ (stealth).
  9271 | D:9      | 9271 ||| Stepping ~*~*~tactically~*~*~ (stealth).
  9283 | D:9      | Reached ***** piety under Trog
  9355 | D:9      | Found a shadowy altar of Dithmenos.
  9390 | D:9      | 9390 ||| READING scroll of enchant armour.
  9390 | D:9      | 9390 ||| ENCHANTING +0 pair of gloves.
  9408 | D:9      | Identified the ring "Lotuoss" {rC+ Str+4}
  9512 | D:9      | Found an ornate altar of the Wu Jian Council.
  9512 | D:9      | Found a radiant altar of Vehumet.
  9518 | D:9      | Found a burning altar of Makhleb.
  9521 | D:9      | Found a snail-covered altar of Cheibriados.
  9521 | D:9      | Found a hazy altar of Hepliaklqana.
  9525 | D:9      | Found a broken altar of Ashenzari.
  9529 | D:9      | Found a shimmering blue altar of Sif Muna.
  9946 | D:9      | 9946 ||| UPGRADING to ring "Lotuoss" {rC+ Str+4}.
  9948 | D:9      | 9948 ||| UPGRADING to +6 ring of strength.
  9950 | D:9      | 9950 ||| DROPPING ring of protection from cold.
  9951 | D:9      | 9951 ||| READING scroll labelled NASIOLIDWUZ.
  9952 | D:9      | 9952 ||| READING 3 scrolls of identify.
  9952 | D:9      | 9952 ||| IDENTIFYING smoky golden potion
  9953 | D:9      | 9953 ||| READING 2 scrolls of identify.
  9953 | D:9      | 9953 ||| IDENTIFYING silvery potion
  9954 | D:9      | 9954 ||| DROPPING potion of magic.
 10004 | D:10     | Entered Level 10 of the Dungeon
 10033 | D:10     | 10033 ||| INVOKING Berserk.
 10122 | D:10     | 10122 ||| Stepping ~*~*~tactically~*~*~ (hiding).
 10124 | D:10     | 10124 ||| Stepping ~*~*~tactically~*~*~ (hiding).
 10125 | D:10     | 10125 ||| Stepping ~*~*~tactically~*~*~ (hiding).
 10126 | D:10     | 10126 ||| Stepping ~*~*~tactically~*~*~ (hiding).
 10134 | D:10     | 10134 ||| INVOKING Berserk.
 10153 | D:10     | Reached skill level 15 in Axes
 10296 | D:10     | Found a stormy altar of Qazlal.
 10371 | D:10     | Noticed a two-headed ogre
 10376 | D:10     | 10376 ||| INVOKING Berserk.
 10380 | D:10     | Killed a two-headed ogre
 10381 | D:10     | Reached skill level 9 in Fighting
 10386 | D:10     | Found a white marble altar of Elyvilon.
 10421 | D:10     | 10421 ||| FLEEEEING.
 10434 | D:10     | 10434 ||| Stepping ~*~*~tactically~*~*~ (stealth).
 10478 | D:10     | 10478 ||| Stepping ~*~*~tactically~*~*~ (stealth).
 10483 | D:10     | 10483 ||| Stepping ~*~*~tactically~*~*~ (stealth).
 10487 | D:10     | 10487 ||| Stepping ~*~*~tactically~*~*~ (stealth).
 10498 | D:10     | Found a staircase to the Orcish Mines.
 10502 | D:10     | 10502 ||| Stepping ~*~*~tactically~*~*~ (stealth).
 10504 | D:10     | 10504 ||| Stepping ~*~*~tactically~*~*~ (stealth).
 10505 | D:10     | 10505 ||| Stepping ~*~*~tactically~*~*~ (stealth).
 10518 | D:10     | 10518 ||| FLEEEEING.
 10519 | D:10     | 10519 ||| Stepping ~*~*~tactically~*~*~ (stealth).
 10527 | D:10     | 10527 ||| Stepping ~*~*~tactically~*~*~ (stealth).
 10567 | D:10     | 10567 ||| Stepping ~*~*~tactically~*~*~ (stealth).
 10645 | D:10     | 10645 ||| Stepping ~*~*~tactically~*~*~ (stealth).
 10748 | D:10     | 10748 ||| Stepping ~*~*~tactically~*~*~ (stealth).
 10749 | D:10     | 10749 ||| Stepping ~*~*~tactically~*~*~ (stealth).
 10999 | D:10     | 10999 ||| READING scroll labelled OLAGUZ OLULEF.
 11140 | D:11     | Found a staircase to the Lair.
 11267 | D:11     | Reached skill level 16 in Axes
 11498 | D:11     | Identified the +2 cloak of Xuakhuus {Str+2}
 11508 | D:11     | Identified the +8 long sword "Kodgheamm" {protect, rN+
                  | Int+2 Stlth+}
 11653 | D:11     | 11653 ||| INVOKING Berserk.
 11800 | D:11     | Noticed a vault guard
 11808 | D:11     | Killed a vault guard
 11809 | D:11     | Reached XP level 11. HP: 65/99 MP: 10/10
 11943 | D:11     | Found a portal to a secret trove of treasure.
 11964 | D:11     | 11964 ||| INVOKING Berserk.
 12108 | D:11     | 12108 ||| INVOKING Berserk.
 12113 | D:11     | Reached skill level 17 in Axes
 12216 | D:11     | 12216 ||| PLANNING LAIR
 12216 | D:11     | 12216 ||| UPGRADING to +2 cloak of Xuakhuus {Str+2}.
 12221 | D:11     | 12221 ||| READING scroll labelled NIADWU WIEFOLIAFA.
 12222 | D:11     | 12222 ||| READING 6 scrolls of identify.
 12222 | D:11     | 12222 ||| IDENTIFYING fizzy yellow potion
 12223 | D:11     | 12223 ||| DROPPING potion of degeneration.
 12246 | Lair:1   | Entered Level 1 of the Lair of Beasts
 12247 | Lair:1   | 12247 ||| INVOKING Berserk.
 12449 | Lair:1   | 12449 ||| INVOKING Berserk.
 12604 | Lair:1   | 12604 ||| READING scroll of enchant weapon.
 12604 | Lair:1   | 12604 ||| ENCHANTING +3 vampiric broad axe.
 12689 | Lair:1   | 12689 ||| READING scroll of enchant weapon.
 12689 | Lair:1   | 12689 ||| ENCHANTING +4 vampiric broad axe.
 12796 | Lair:1   | 12796 ||| INVOKING Berserk.
 12945 | Lair:1   | 12945 ||| INVOKING Berserk.
 13197 | Lair:1   | Noticed a six-headed hydra
 13198 | Lair:1   | 13198 ||| INVOKING Brothers in Arms.
 13200 | Lair:1   | 13200 ||| SWAPPING to +0 hand axe of flaming.
 13201 | Lair:1   | 13201 ||| INVOKING Berserk.
 13203 | Lair:1   | Killed a five-headed hydra
 13204 | Lair:1   | Reached skill level 9 in Armour
 13215 | Lair:1   | 13215 ||| SWAPPING to +5 vampiric broad axe.
 13374 | Lair:1   | Identified the +7 mace "Tuinu" {protect, Fly rC+ rCorr
                  | Dex-5}
 13399 | Lair:1   | 13399 ||| INVOKING Berserk.
 13557 | Lair:1   | Noticed Harold
 13560 | Lair:1   | 13560 ||| INVOKING Berserk.
 13570 | Lair:1   | Killed Harold
 13770 | Lair:2   | 13770 ||| DRINKING potion of cancellation.
 13810 | Lair:2   | 13810 ||| READING scroll of enchant weapon.
 13810 | Lair:2   | 13810 ||| ENCHANTING +5 vampiric broad axe.
 13817 | Lair:2   | 13817 ||| INVOKING Berserk.
 13964 | Lair:2   | 13964 ||| INVOKING Berserk.
 13966 | Lair:2   | Reached skill level 18 in Axes
 14117 | Lair:2   | 14117 ||| Stepping ~*~*~tactically~*~*~ (stealth).
 14120 | Lair:2   | 14120 ||| Stepping ~*~*~tactically~*~*~ (stealth).
 14145 | Lair:2   | 14145 ||| Stepping ~*~*~tactically~*~*~ (stealth).
 14212 | Lair:2   | 14212 ||| Stepping ~*~*~tactically~*~*~ (stealth).
 14221 | Lair:2   | 14221 ||| Stepping ~*~*~tactically~*~*~ (stealth).
 14241 | Lair:2   | 14241 ||| Stepping ~*~*~tactically~*~*~ (stealth).
 14249 | Lair:2   | 14249 ||| Stepping ~*~*~tactically~*~*~ (stealth).
 14254 | Lair:2   | Reached XP level 12. HP: 110/110 MP: 11/11
 14258 | Lair:2   | 14258 ||| Stepping ~*~*~tactically~*~*~ (stealth).
 14271 | Lair:2   | 14271 ||| Stepping ~*~*~tactically~*~*~ (stealth).
 14283 | Lair:2   | 14283 ||| Stepping ~*~*~tactically~*~*~ (stealth).
 14313 | Lair:2   | 14313 ||| Stepping ~*~*~tactically~*~*~ (stealth).
 14323 | Lair:2   | 14323 ||| Stepping ~*~*~tactically~*~*~ (stealth).
 14401 | Lair:2   | 14401 ||| Stepping ~*~*~tactically~*~*~ (stealth).
 14403 | Lair:2   | 14403 ||| INVOKING Berserk.
 14614 | Lair:2   | Found a staircase to the Snake Pit.
 14615 | Lair:2   | 14615 ||| Stepping ~*~*~tactically~*~*~ (hiding).
 14626 | Lair:2   | 14626 ||| Stepping ~*~*~tactically~*~*~ (hiding).
 14834 | Lair:3   | 14834 ||| INVOKING Berserk.
 14838 | Lair:3   | Reached skill level 12 in Fighting
 14842 | Lair:3   | 14842 ||| FLEEEEING.
 14843 | Lair:3   | 14843 ||| STAIRDANCE
 14948 | Lair:3   | 14948 ||| INVOKING Berserk.
 14962 | Lair:3   | 14962 ||| FLEEEEING.
 14963 | Lair:3   | 14963 ||| STAIRDANCE
 15093 | Lair:3   | 15093 ||| STAIRDANCE
 15095 | Lair:2   | 15095 ||| INVOKING Berserk.
 15209 | Lair:3   | 15209 ||| STAIRDANCE
 15211 | Lair:2   | 15211 ||| INVOKING Berserk.
 15324 | Lair:3   | 15324 ||| STAIRDANCE
 15608 | Lair:3   | 15608 ||| Stepping ~*~*~tactically~*~*~ (stealth).
 15645 | Lair:3   | Found the +8 whip "Snakebite" {venom, curare, rPois}
 15760 | Lair:3   | Found a staircase to the Shoals.
 15996 | Lair:3   | 15996 ||| Stepping ~*~*~tactically~*~*~ (hiding).
 16382 | Lair:3   | 16382 ||| DROPPING +6 ring of intelligence.
 16383 | Lair:3   | 16383 ||| DRINKING 2 sapphire potions.
 16417 | Lair:4   | Found a staircase to the Slime Pits.
 16421 | Lair:4   | 16421 ||| STAIRDANCE
 16476 | Lair:4   | 16476 ||| INVOKING Berserk.
 16596 | Lair:4   | 16596 ||| INVOKING Berserk.
 16602 | Lair:4   | Reached skill level 6 in Dodging
 16758 | Lair:4   | Reached skill level 3 in Throwing
 16832 | Lair:4   | 16832 ||| INVOKING Berserk.
 16832 | Lair:4   | Noticed a four-headed hydra
 16995 | Lair:4   | 16995 ||| Stepping ~*~*~tactically~*~*~ (stealth).
 16997 | Lair:4   | 16997 ||| INVOKING Berserk.
 17172 | Lair:4   | Noticed a boulder beetle
 17173 | Lair:4   | 17173 ||| INVOKING Brothers in Arms.
 17178 | Lair:4   | 17178 ||| INVOKING Berserk.
 17181 | Lair:4   | Killed a boulder beetle
 17182 | Lair:4   | Reached skill level 12 in Armour
 17780 | Lair:4   | 17780 ||| Stepping ~*~*~tactically~*~*~ (hiding).
 17953 | Lair:4   | 17953 ||| DRINKING 2 sedimented brown potions.
 17971 | Lair:4   | 17971 ||| DROPPING potion of lignification.
 17998 | Lair:5   | Entered Level 5 of the Lair of Beasts
 17998 | Lair:5   | Noticed a death yak
 17998 | Lair:5   | Noticed a death yak
 17999 | Lair:5   | Noticed a death yak
 18000 | Lair:5   | Noticed a death yak
 18000 | Lair:5   | Noticed a death yak
 18001 | Lair:5   | 18001 ||| Stepping ~*~*~tactically~*~*~ (stealth).
 18001 | Lair:5   | Noticed a death yak
 18002 | Lair:5   | 18002 ||| Stepping ~*~*~tactically~*~*~ (stealth).
 18003 | Lair:5   | 18003 ||| Stepping ~*~*~tactically~*~*~ (stealth).
 18003 | Lair:5   | Found an ornate altar of the Wu Jian Council.
 18004 | Lair:5   | 18004 ||| INVOKING Berserk.
 18008 | Lair:5   | Killed a death yak
 18009 | Lair:5   | Killed a death yak
 18020 | Lair:5   | Killed a death yak
 18021 | Lair:5   | Reached XP level 13. HP: 124/124 MP: 12/12
 18068 | Lair:5   | 18068 ||| FLEEEEING.
 18069 | Lair:5   | 18069 ||| FLEEEEING.
 18071 | Lair:5   | 18071 ||| STAIRDANCE
 18182 | Lair:5   | 18182 ||| INVOKING Berserk.
 18193 | Lair:5   | 18193 ||| FLEEEEING.
 18197 | Lair:5   | 18197 ||| STAIRDANCE
 18320 | Lair:5   | 18320 ||| INVOKING Brothers in Arms.
 18321 | Lair:5   | 18321 ||| INVOKING Brothers in Arms.
 18323 | Lair:5   | 18323 ||| SWAPPING to +0 hand axe of flaming.
 18324 | Lair:5   | 18324 ||| INVOKING Berserk.
 18326 | Lair:5   | Reached skill level 15 in Fighting
 18331 | Lair:5   | 18331 ||| SWAPPING to +6 vampiric broad axe.
 18382 | Lair:5   | 18382 ||| Stepping ~*~*~tactically~*~*~ (stealth).
 18383 | Lair:5   | 18383 ||| Stepping ~*~*~tactically~*~*~ (stealth).
 18384 | Lair:5   | 18384 ||| Stepping ~*~*~tactically~*~*~ (stealth).
 18386 | Lair:5   | 18386 ||| Stepping ~*~*~tactically~*~*~ (stealth).
 18533 | Lair:5   | 18533 ||| INVOKING Berserk.
 18558 | Lair:5   | 18558 ||| INVOKING Brothers in Arms.
 18597 | Lair:5   | 18597 ||| Stepping ~*~*~tactically~*~*~ (stealth).
 18600 | Lair:5   | 18600 ||| Stepping ~*~*~tactically~*~*~ (stealth).
 18600 | Lair:5   | Found the +5 scythe "Finisher" {speed, eviscerate}
 18601 | Lair:5   | 18601 ||| Stepping ~*~*~tactically~*~*~ (stealth).
 18603 | Lair:5   | 18603 ||| INVOKING Berserk.
 18624 | Lair:5   | 18624 ||| INVOKING Brothers in Arms.
 18681 | Lair:5   | 18681 ||| INVOKING Berserk.
 18803 | Lair:5   | 18803 ||| Stepping ~*~*~tactically~*~*~ (hiding).
 18824 | Lair:5   | 18824 ||| Stepping ~*~*~tactically~*~*~ (stealth).
 18887 | Lair:5   | 18887 ||| Stepping ~*~*~tactically~*~*~ (stealth).
 18894 | Lair:5   | 18894 ||| Stepping ~*~*~tactically~*~*~ (stealth).
 18960 | Lair:5   | 18960 ||| Stepping ~*~*~tactically~*~*~ (stealth).
 18964 | Lair:5   | 18964 ||| Stepping ~*~*~tactically~*~*~ (stealth).
 18966 | Lair:5   | 18966 ||| Stepping ~*~*~tactically~*~*~ (stealth).
 19031 | Lair:5   | 19031 ||| Stepping ~*~*~tactically~*~*~ (stealth).
 19032 | Lair:5   | 19032 ||| INVOKING Brothers in Arms.
 19036 | Lair:5   | 19036 ||| SWAPPING to +0 hand axe of flaming.
 19037 | Lair:5   | 19037 ||| INVOKING Berserk.
 19122 | Lair:5   | 19122 ||| SWAPPING to +6 vampiric broad axe.
 19133 | Lair:5   | 19133 ||| Stepping ~*~*~tactically~*~*~ (hiding).
 19138 | Lair:5   | 19138 ||| DRINKING 2 potions of resistance.
 19352 | Lair:5   | 19352 ||| Stepping ~*~*~tactically~*~*~ (stealth).
 19369 | Lair:5   | 19369 ||| Stepping ~*~*~tactically~*~*~ (hiding).
 19372 | Lair:5   | 19372 ||| INVOKING Berserk.
 19602 | Lair:5   | 19602 ||| INVOKING Brothers in Arms.
 19603 | Lair:5   | 19603 ||| INVOKING Brothers in Arms.
 19606 | Lair:5   | 19606 ||| INVOKING Berserk.
 19617 | Lair:5   | Reached XP level 14. HP: 138/138 MP: 13/13
 19859 | Lair:5   | 19859 ||| Stepping ~*~*~tactically~*~*~ (hiding).
 19862 | Lair:5   | 19862 ||| DRINKING potion of resistance.
 19880 | Lair:5   | 19880 ||| Stepping ~*~*~tactically~*~*~ (stealth).
 19881 | Lair:5   | 19881 ||| Stepping ~*~*~tactically~*~*~ (stealth).
 19883 | Lair:5   | 19883 ||| Stepping ~*~*~tactically~*~*~ (hiding).
 19885 | Lair:5   | 19885 ||| Stepping ~*~*~tactically~*~*~ (hiding).
 20023 | Lair:5   | 20023 ||| INVOKING Brothers in Arms.
 20025 | Lair:5   | 20025 ||| UPGRADING to amulet of the acrobat.
 20030 | Lair:5   | 20030 ||| Stepping ~*~*~tactically~*~*~ (cloud).
 20031 | Lair:5   | 20031 ||| INVOKING Berserk.
 20031 | Lair:5   | HP: 46/207 [poisoned by a swamp dragon (poison gas)]
 20034 | Lair:5   | Killed from afar by a fire dragon

Levels and vault maps discovered:
D:1:      ncdulo_smallfort, layout_loops_corners,
          ebering_ecumenical_altar_sacrificial
D:2:      layout_rooms
D:3:      layout_basic, trog_wizard, grunt_temple_overflow_order_and_chaos_1,
          uniq_ijyb
D:4:      layout_loops_ring
D:5:      kennysheep_slugbush, layout_basic, hellmonk_ghost_happy_afterlife
D:6:      layout_rooms, minmay_temple_entry_proselytizer
D:7:      layout_basic, serial_shops, nicolae_stop_n_shop_1,
          lightli_bailey_entry_fortress
D:8:      layout_loops_cross, nicolae_benzene_ring, uniq_maggie
D:9:      layout_long_grid, nicolae_overflow_hallway_of_the_gods,
          nicolae_dithmenos_the_darkroom, nzn_life_drinkers
D:10:     layout_basic, elyvilon_altar_5, grunt_qazlal_clouds, zombieorc1_lemuel
D:11:     layout_roguey, lair_entry_dummy, enter_trove_5
Lair:1:   layout_long_grid, uniq_harold
Lair:2:   layout_roguey [special_room_bee], minmay_snake_entry_guardpost_small,
          grunt_megastairs_4, lemuel_fruit_tree
Lair:3:   minmay_guarded_unrand_snakebite, layout_chaotic_city,
          elwin_shoals_entry_rocks
Lair:4:   layout_regular_city, slime_entry_1, cheibrodos_lair_lostbears
Lair:5:   guppyfry_lair_end_dragon, layout_loops_ring,
          hangedman_lair_caniforms_friends, basic_altar,
          chequers_serial_rivers_marsh, infiniplex_staircase_pool_2

Skill      XL: |  1  2  3  4  5  6  7  8  9 10 11 12 13 |
---------------+----------------------------------------+-----
Axes           | 4 5 6 7 8 9 10 12 14 16 18 | 18.0
Fighting       | 4 5 7 8 9 11 14 16 | 16.8
Armour         | 3 4 5 6 7 9 12 14 | 14.1
Throwing       | 1 2 3 |  3.5
Dodging        | 3 4 6 8 |  8.0

Action                   |  1- 3 |  4- 6 |  7- 9 | 10-12 | 13-15 || total
-------------------------+-------+-------+-------+-------+-------++-------
Melee: Hand axe          |    79 |   124 |    66 |     7 |    15 ||   291
       Headbutt          |     8 |    17 |    32 |    62 |    35 ||   154
       Punch             |     1 |     1 |       |     4 |     2 ||     8
       War axe           |       |       |    26 |       |       ||    26
       Broad axe         |       |       |   122 |   405 |   176 ||   703
Throw: Boomerang         |       |       |    25 |   151 |    30 ||   206
       Javelin           |       |       |       |       |     2 ||     2
Invok: Berserk           |     2 |     3 |     9 |    26 |     9 ||    49
       Brothers in Arms  |       |       |       |     2 |     5 ||     7
  Use: Scroll            |     7 |     6 |    11 |    10 |       ||    34
       Potion            |       |     1 |     2 |     3 |     2 ||     8
 Stab: Distracted        |       |       |       |       |     1 ||     1
Armor: Animal skin       |     2 |       |       |       |       ||     2
       Scale mail        |    16 |    10 |       |       |       ||    26
       Robe              |       |     6 |       |       |       ||     6
       Plate armour      |       |    39 |   113 |   181 |   110 ||   443
Dodge: Dodged            |    33 |    60 |    69 |   152 |    89 ||   403

Table legend:
 A = Non-vault XP
 B = Vault XP
 C = Vault XP percentage of total XP
 D = Non-vault monster count
 E = Vault monster count
 F = Vault count percentage of total count
                 A         B        C        D         E       F
            +---------+---------+-------+---------+---------+-------
      Total |   49755 |   18585 |  27.2 |     331 |     153 |  31.6
            +---------+---------+-------+---------+---------+-------
        D:1 |      32 |       0 |   0.0 |      19 |       0 |   0.0
        D:2 |      47 |       0 |   0.0 |      14 |       0 |   0.0
        D:3 |     248 |      41 |  14.2 |      23 |       1 |   4.2
        D:4 |     326 |       0 |   0.0 |      24 |       0 |   0.0
        D:5 |     853 |      40 |   4.5 |      18 |      10 |  35.7
        D:6 |     836 |      41 |   4.7 |      20 |       1 |   4.8
        D:7 |     774 |      51 |   6.2 |      13 |      11 |  45.8
        D:8 |    1343 |     398 |  22.9 |      25 |       1 |   3.8
        D:9 |    1130 |     208 |  15.5 |      20 |       1 |   4.8
       D:10 |    2119 |     396 |  15.7 |      15 |      23 |  60.5
       D:11 |    2632 |     878 |  25.0 |      14 |       1 |   6.7
     Lair:1 |    4557 |     876 |  16.1 |      16 |       1 |   5.9
     Lair:2 |    5003 |    2859 |  36.4 |      24 |      32 |  57.1
     Lair:3 |    4109 |     804 |  16.4 |      15 |       8 |  34.8
     Lair:4 |    4661 |     835 |  15.2 |      16 |       3 |  15.8
     Lair:5 |   21085 |   11158 |  34.6 |      55 |      60 |  52.2
            +---------+---------+-------+---------+---------+-------
